Map: Dusk Towers

Players

PureLegacy - Winner!

  • Race: Terran Terran
  • League: Grandmaster

MCanning

  • Race: Protoss Protoss
  • League: Grandmaster

VOD

http://www.twitch.tv/mcanning/v/30690643

Description

Time

  • Played on: Dec. 19, 2015, 7:42 a.m.
  • Length: 14:52
Show
View Real Time Build Order
Export as new Build Order

PureLegacy Terran - Winner!

Build Orders: Reaper Expand, MMM Bio 

Get SALT Encoding   

  12  0:01  SCV  
  13  0:13  SCV  
  14  0:18  Supply Depot  
  14  0:25  SCV  
  15  0:39  SCV  
  15  0:41  Barracks  
  16  0:45  Refinery  
  16  0:51  SCV  
  17  1:03  SCV  
  18  1:15  SCV  
  19  1:28  Reaper, Orbital Command  
  20  1:43  Command Center  
  20  1:52  Supply Depot  
  20  1:54  SCV  
  20  2:00  Barracks Reactor  
  22  2:08  SCV  
  22  2:15  Barracks  
  22  2:16  Barracks  
  22  2:20  SCV  
  23  2:22  Supply Depot  
  23  2:33  SCV  
  24  2:39  Marine x2  
  26  2:45  SCV  
  27  2:51  Refinery  
  27  2:57  SCV, Marine x2  
  30  3:04  Barracks Tech Lab, Marine  
  31  3:08  Orbital Command  
  31  3:09  SCV  
  32  3:18  Marine  
  32  3:19  Marine  
  34  3:21  SCV  
  34  3:23  Marine x2  
  34  3:26  Stimpack  
  37  3:33  SCV  
  37  3:34  SCV  
  39  3:36  Marine x2  
  41  3:42  Supply Depot  
  41  3:43  Marine x2  
  41  3:45  SCV  
  41  3:46  SCV  
  45  3:55  Factory  
  44  3:57  SCV, Marine x2  
  44  3:58  SCV  
  44  4:00  Marine  
  44  4:01  Marine  
  50  4:08  Supply Depot  
  50  4:09  SCV  
  51  4:10  SCV  
  51  4:15  Marine x2  
  54  4:20  Marine x2  
  54  4:21  SCV  
  54  4:22  SCV  
  58  4:34  SCV x2  
  58  4:36  Refinery  
  58  4:37  Refinery  
  60  4:38  Supply Depot  
  60  4:39  Marauder, Marine x2  
  60  4:40  Supply Depot, Barracks Tech Lab  
  60  4:42  Starport  
  60  4:44  Factory Reactor  
  64  4:50  SCV x2  
  66  4:58  Supply Depot  
  66  4:59  Marine x2  
  68  5:00  Marauder  
  68  5:02  SCV  
  68  5:03  SCV  
  68  5:05  Marauder  
  74  5:08  Combat Shields  
  74  5:14  Engineering Bay  
  74  5:16  SCV  
  74  5:17  SCV  
  76  5:24  Marauder  
  76  5:26  Concussive Shells, Marauder  
  80  5:29  Marine x2  
  80  5:30  Medivac  
  80  5:31  Medivac  
  86  5:36  SCV, Supply Depot  
  86  5:38  SCV  
  86  5:42  Terran Infantry Weapons Level 1  
  88  5:47  Missile Turret x2  
  88  5:50  Supply Depot  
  88  5:56  SCV  
  89  6:07  SCV  
  89  6:11  Supply Depot, SCV  
  91  6:12  Supply Depot  
  91  6:14  Marine  
  91  6:15  Marine  
  91  6:16  Marine x2  
  95  6:19  SCV  
  95  6:20  Command Center  
  95  6:22  Medivac  
  95  6:23  Medivac  
  100  6:40  Marauder  
  100  6:41  Marine x2, Marauder  
  106  6:48  SCV x2  
  106  6:52  Medivac  
  106  6:53  Medivac  
  112  7:06  SCV x2  
  113  7:13  Barracks  
  113  7:15  Supply Depot, Barracks x2  
  111  7:17  Barracks  
  111  7:18  SCV  
  102  7:30  Medivac x2  
  102  7:33  SCV  
  102  7:34  SCV  
  102  7:36  Terran Infantry Armor Level 1  
  108  7:37  Marauder x2  
  108  7:38  Marine x2  
  108  7:43  Engineering Bay  
  114  7:45  Supply Depot, Armory  
  114  7:46  SCV x2  
  116  7:53  Supply Depot  
  116  7:54  Supply Depot  
  116  7:58  Marine x2  
  118  7:59  Marauder  
  118  8:01  Missile Turret  
  118  8:02  SCV  
  121  8:10  Barracks Tech Lab x3, Marauder  
  121  8:11  Barracks Reactor  
  123  8:16  SCV, Orbital Command  
  123  8:17  SCV  
  125  8:20  Liberator  
  120  8:36  Marauder x3  
  120  8:37  Medivac  
  120  8:39  Marine, Marauder x2  
  120  8:40  SCV x2, Marine  
  129  8:42  SCV  
  129  8:43  Refinery  
  129  8:44  Refinery  
  129  8:45  Terran Infantry Weapons Level 2  
  130  8:48  Marine  
  130  8:49  Marine  
  130  8:54  SCV  
  130  8:55  SCV x2  
  135  8:57  Marauder  
  135  8:59  Marauder  
  135  9:00  Marauder  
  135  9:01  Sensor Tower  
  135  9:02  Marine x2  
  143  9:03  Marauder  
  143  9:05  Marauder  
  147  9:14  Barracks  
  147  9:15  Supply Depot  
  147  9:17  Marine x2  
  149  9:29  Marauder x2  
  149  9:30  Marine x2  
  155  9:31  Command Center  
  155  9:41  Liberator x2  
  108  9:57  Marine x3, Marauder x5  
  126  10:01  Marine  
  126  10:06  Barracks Tech Lab  
  127  10:07  Terran Infantry Armor Level 2  
  127  10:08  Terran Ship Weapons Level 1  
  127  10:15  Marine x3  
  127  10:17  Supply Depot  
  127  10:18  Marine, Marauder x3  
  127  10:19  Marine, Marauder  
  140  10:24  Liberator x2  
  133  10:33  Marine x3  
  133  10:34  Marauder  
  138  10:36  Marauder  
  138  10:38  Marine  
  138  10:39  Marauder, Marine  
  138  10:40  Marine, Marauder  
  138  10:41  Barracks  
  153  10:42  Barracks  
  153  10:58  Marine x3  
  153  10:59  Marauder x3  
  153  11:00  Marine x2  
  153  11:01  Missile Turret, Marauder  
  166  11:07  Liberator  
  166  11:11  Marine  
  167  11:15  Orbital Command  
  167  11:16  Marine x2  
  167  11:17  Terran Infantry Weapons Level 3  
  169  11:19  Marauder  
  171  11:26  Marauder, Marine  
  174  11:37  Liberator  
  174  11:46  Marine x4  
  174  11:47  Barracks Tech Lab x2, Marauder x4  
  182  11:48  Marine  
  182  11:49  Marauder  
  191  12:04  Marine x2  
  191  12:07  Marauder  
  191  12:08  Marauder  
  197  12:15  Command Center  
  197  12:16  Medivac  
  197  12:20  Marauder, Marine x2  
  200  12:47  Liberator x2  
  180  12:58  Marauder x3, Marine x6  
  174  12:59  Marauder x3  
  191  13:07  SCV x4  
  195  13:15  Marine  
  195  13:16  Marine x3  
  195  13:19  Marine  
  199  13:21  Starport  
  199  13:22  Fusion Core  
  200  13:30  Liberator x2  
  176  13:39  Marine x2  
  176  13:40  Marauder x4, Marine x2  
  170  13:49  Marauder, Marine x2  
  170  13:50  Marauder  
  175  13:57  Marine x3  
  175  13:58  Marine  
  175  14:01  Marauder x2, Marine  
  175  14:02  Marauder  
  186  14:07  Marauder, Marine  
  186  14:08  Starport Tech Lab  
  189  14:10  Marine  
  189  14:11  Marauder  
  189  14:15  Marine x2  
  194  14:19  Marauder  
  194  14:23  Marauder  
  172  14:26  Marine x2  
  172  14:27  Marauder x3  
Show
View Real Time Build Order
Export as new Build Order

MCanning Protoss 

Build Orders: 1 Gate Expand, Blink Stalkers 

Get SALT Encoding   

  12  0:01  Probe (Chrono Boost)  
  13  0:12  Probe (Chrono Boost)  
  14  0:19  Pylon  
  14  0:23  Probe (Chrono Boost)  
  15  0:37  Probe (Chrono Boost)  
  15  0:39  Gateway  
  16  0:47  Probe (Chrono Boost)  
  17  0:57  Assimilator  
  17  0:58  Probe (Chrono Boost)  
  18  1:08  Probe (Chrono Boost)  
  19  1:22  Nexus  
  19  1:34  Cybernetics Core, Probe (Chrono Boost)  
  20  1:45  Probe (Chrono Boost), Assimilator  
  21  1:55  Probe (Chrono Boost)  
  21  1:58  Pylon  
  22  2:06  Probe (Chrono Boost)  
  23  2:16  Adept  
  23  2:17  Mothership Core (Chrono Boost)  
  27  2:26  Warp Gate  
  27  2:35  Probe (Chrono Boost)  
  27  2:41  Probe (Chrono Boost)  
  28  2:46  Probe (Chrono Boost)  
  29  2:52  Probe (Chrono Boost)  
  29  2:56  Probe (Chrono Boost)  
  31  3:02  Probe (Chrono Boost)  
  32  3:07  Probe (Chrono Boost)  
  32  3:11  Twilight Council  
  34  3:13  Probe (Chrono Boost)  
  34  3:17  Probe (Chrono Boost)  
  35  3:23  Probe (Chrono Boost)  
  36  3:28  Probe (Chrono Boost)  
  36  3:31  Gateway  
  36  3:33  Gateway  
  36  3:34  Probe (Chrono Boost)  
  38  3:38  Probe (Chrono Boost)  
  39  3:44  Probe (Chrono Boost), Blink (Chrono Boost)  
  40  3:53  Probe (Chrono Boost)  
  41  4:01  Probe (Chrono Boost)  
  41  4:02  Robotics Facility  
  42  4:05  Probe (Chrono Boost)  
  42  4:09  Assimilator  
  43  4:12  Probe (Chrono Boost), Pylon  
  43  4:13  Assimilator  
  43  4:16  Probe (Chrono Boost)  
  45  4:22  Probe (Chrono Boost)  
  46  4:26  Pylon  
  46  4:30  Probe (Chrono Boost)  
  47  4:32  Probe (Chrono Boost)  
  47  4:37  Stalker x3  
  54  4:44  Probe x2  
  55  4:46  Pylon  
  56  4:55  Gateway  
  56  4:56  Probe  
  56  4:58  Observer (Chrono Boost)  
  56  4:59  Gateway  
  58  5:09  Probe  
  59  5:16  Nexus  
  59  5:17  Observer (Chrono Boost)  
  59  5:18  Pylon  
  60  5:22  Pylon  
  60  5:23  Probe, Pylon  
  60  5:25  Probe  
  60  5:27  Stalker  
  60  5:28  Stalker  
  66  5:36  Observer (Chrono Boost)  
  66  5:42  Robotics Bay  
  67  5:43  Forge  
  67  5:46  Forge  
  67  5:48  Probe (Chrono Boost)  
  68  5:50  Probe (Chrono Boost)  
  68  5:56  Stalker  
  71  5:59  Probe (Chrono Boost)  
  71  6:00  Observer  
  73  6:04  Probe (Chrono Boost)  
  73  6:06  Stalker x2  
  78  6:15  Stalker x2  
  78  6:17  Pylon  
  82  6:25  Adept  
  84  6:29  Disruptor (Chrono Boost)  
  84  6:31  Protoss Ground Weapons Level 1 (Chrono Boost)  
  84  6:32  Adept x2  
  89  6:41  Protoss Ground Armor Level 1 (Chrono Boost)  
  89  6:44  Adept x2  
  89  6:46  Adept  
  95  6:51  Probe  
  95  6:52  Probe  
  97  6:55  Probe  
  97  6:58  Resonating Glaives  
  98  7:08  Disruptor (Chrono Boost)  
  101  7:12  Adept x4  
  101  7:15  Probe  
  95  7:35  Pylon  
  95  7:36  Probe  
  96  7:38  Pylon  
  96  7:39  Pylon  
  96  7:40  Probe  
  96  7:43  Pylon  
  97  7:47  Pylon  
  97  7:48  Disruptor (Chrono Boost)  
  97  7:49  Photon Cannon  
  100  7:52  Probe  
  100  7:54  Probe, Assimilator  
  100  7:57  Adept x2, Assimilator  
  100  7:58  Stalker x2  
  110  7:59  Probe  
  110  8:04  Probe  
  112  8:07  Pylon  
  112  8:10  Pylon  
  112  8:11  Stalker  
  114  8:19  Stalker x2, Disruptor  
  117  8:30  Protoss Ground Weapons Level 2 (Chrono Boost)  
  117  8:33  Probe  
  114  8:35  Stalker x3  
  120  8:43  Protoss Ground Armor Level 2 (Chrono Boost)  
  120  8:49  Probe  
  120  8:52  Photon Cannon  
  120  8:54  Gateway, Pylon, Probe  
  122  8:55  Gateway  
  122  8:57  Gateway  
  122  8:58  Probe  
  123  9:07  Stalker  
  123  9:09  Nexus  
  125  9:10  Probe  
  125  9:11  Pylon  
  126  9:19  Stalker x3  
  126  9:21  Disruptor (Chrono Boost)  
  135  9:35  Probe  
  136  9:40  Probe  
  127  9:45  Probe  
  105  9:54  Adept x4, Observer (Chrono Boost)  
  105  9:55  Adept  
  105  9:58  Probe  
  106  10:03  Gateway x2  
  106  10:10  Probe x2  
  106  10:12  Disruptor (Chrono Boost)  
  111  10:16  Photon Cannon  
  111  10:20  Adept x5  
  120  10:24  Probe  
  120  10:26  Adept x2  
  125  10:34  Stalker  
  127  10:36  Robotics Facility  
  127  10:38  Dark Shrine  
  127  10:39  Protoss Ground Armor Level 3  
  127  10:43  Stalker, Disruptor (Chrono Boost)  
  127  10:44  Stalker x3  
  127  10:46  Probe  
  127  10:48  Assimilator  
  139  10:53  Protoss Ground Weapons Level 3 (Chrono Boost), Assimilator  
  139  11:01  Probe  
  139  11:04  Adept x2  
  142  11:09  Stalker  
  142  11:10  Stalker  
  148  11:14  Adept x2  
  148  11:16  Pylon  
  148  11:18  Probe  
  153  11:23  Probe  
  154  11:26  Adept x5  
  165  11:35  Disruptor (Chrono Boost)  
  155  11:53  Nexus  
  155  11:55  Dark Templar  
  155  11:58  Dark Templar  
  155  11:59  Dark Templar  
  161  12:02  Stalker  
  163  12:13  Stalker  
  163  12:14  Stalker x3  
  167  12:28  Probe  
  168  12:32  Probe  
  168  12:34  Pylon, Stargate  
  168  12:37  Stargate  
  168  12:44  Probe  
  168  12:45  Disruptor (Chrono Boost)  
  151  12:56  Adept x2  
  151  12:57  Adept x5  
  151  12:58  Adept  
  140  13:04  Disruptor (Chrono Boost)  
  141  13:13  Probe  
  141  13:16  Probe  
  141  13:17  Disruptor (Chrono Boost)  
  146  13:22  Probe  
  146  13:23  Probe  
  148  13:27  Stalker  
  148  13:28  Stalker x2  
  148  13:31  Probe  
  143  13:36  Disruptor (Chrono Boost)  
  142  13:43  Probe, Adept x3  
  142  13:44  Stalker  
  142  13:45  Stalker  
  145  13:50  Stalker  
  150  13:59  Stalker x2, Disruptor (Chrono Boost)  
  150  14:01  Probe  
  151  14:13  Dark Templar  
  153  14:17  Probe  
  153  14:21  Probe x2  
  153  14:23  Stalker x2  
  152  14:24  Nexus  
  152  14:26  Probe  
  153  14:32  Pylon  
Tags
 
Add a new tag
Caveats
  • Supply blocks, unpowered buildings, or Contaminate may cause inaccurate times.
  • Supply counts are checked every 10 seconds.